Map: Frost LE

Players

Deizuh

  • Race: Protoss Protoss
  • League: Platinum

Tenonee - Winner!

  • Race: Terran Terran
  • League: Platinum

VOD

Have the link to the VOD?

Description

Time

  • Played on: July 26, 2016, 6:58 a.m.
  • Length: 6:47
Show
View Real Time Build Order
Export as new Build Order

Deizuh Protoss 

Build Orders: 1 Gate Expand, Blink Stalkers 

Get SALT Encoding   

  12  0:02  Probe (Chrono Boost)  
  13  0:13  Probe (Chrono Boost)  
  14  0:20  Pylon  
  14  0:23  Probe (Chrono Boost)  
  15  0:38  Probe (Chrono Boost)  
  15  0:42  Gateway  
  16  0:46  Assimilator  
  16  0:49  Probe (Chrono Boost)  
  17  0:59  Probe (Chrono Boost)  
  18  1:10  Probe (Chrono Boost)  
  19  1:23  Nexus  
  19  1:34  Cybernetics Core  
  19  1:40  Probe (Chrono Boost)  
  20  1:51  Probe (Chrono Boost), Assimilator  
  21  1:57  Pylon  
  22  2:01  Probe (Chrono Boost)  
  21  2:13  Mothership Core (Chrono Boost)  
  21  2:15  Adept  
  23  2:16  Warp Gate  
  25  2:32  Gateway  
  25  2:38  Probe (Chrono Boost), Pylon  
  26  2:48  Probe (Chrono Boost)  
  26  2:49  Probe (Chrono Boost)  
  28  2:55  Twilight Council  
  28  2:59  Sentry  
  28  3:04  Probe (Chrono Boost)  
  28  3:05  Probe (Chrono Boost)  
  32  3:14  Probe (Chrono Boost)  
  32  3:15  Probe (Chrono Boost)  
  34  3:25  Blink  
  32  3:38  Stalker  
  34  3:44  Assimilator  
  34  3:46  Probe (Chrono Boost)  
  34  3:47  Probe (Chrono Boost), Assimilator  
  36  3:57  Probe (Chrono Boost)  
  36  3:59  Probe (Chrono Boost)  
  38  4:03  Robotics Facility  
  38  4:07  Probe (Chrono Boost)  
  38  4:09  Probe (Chrono Boost)  
  40  4:19  Probe (Chrono Boost)  
  40  4:20  Probe (Chrono Boost)  
  40  4:23  Pylon  
  42  4:30  Probe (Chrono Boost)  
  44  4:32  Probe (Chrono Boost)  
  44  4:38  Forge  
  44  4:41  Probe (Chrono Boost)  
  44  4:44  Probe (Chrono Boost)  
  46  4:49  Gateway  
  46  4:51  Probe (Chrono Boost)  
  47  4:54  Stalker x2  
  47  4:55  Probe (Chrono Boost)  
  47  4:56  Observer  
  53  5:02  Probe (Chrono Boost)  
  53  5:06  Probe (Chrono Boost)  
  55  5:07  Pylon  
  55  5:13  Probe (Chrono Boost)  
  56  5:16  Probe (Chrono Boost), Observer  
  58  5:25  Probe (Chrono Boost)  
  60  5:28  Probe (Chrono Boost)  
  60  5:31  Stalker x2  
  60  5:32  Warp Prism  
  66  5:44  Nexus  
  66  6:16  Robotics Bay  
  66  6:19  Gateway  
  66  6:20  Gateway  
  66  6:22  Gateway  
  66  6:28  Stalker x3  
  70  6:38  Photon Cannon  
Show
View Real Time Build Order
Export as new Build Order

Tenonee Terran - Winner!

Build Orders:  

Get SALT Encoding   

  12  0:01  SCV  
  13  0:13  SCV  
  14  0:17  Supply Depot  
  14  0:25  SCV  
  15  0:39  SCV  
  15  0:41  Barracks  
  16  0:51  SCV  
  17  1:03  SCV  
  18  1:15  SCV  
  19  1:23  Command Center  
  19  1:34  Orbital Command  
  19  1:38  Marine  
  20  1:44  Supply Depot  
  20  1:56  Marine  
  20  1:59  SCV  
  22  2:12  SCV  
  22  2:14  Barracks  
  23  2:16  Marine, Refinery  
  23  2:17  Refinery  
  24  2:24  SCV  
  25  2:36  SCV  
  26  2:42  Orbital Command  
  26  2:43  Marine  
  27  2:49  SCV  
  28  3:01  Factory  
  28  3:02  SCV  
  29  3:07  SCV  
  29  3:08  Barracks Tech Lab  
  29  3:09  Marine  
  31  3:14  SCV  
  31  3:17  Refinery  
  32  3:28  SCV  
  32  3:29  Marine  
  35  3:35  SCV  
  35  3:37  Barracks Reactor  
  35  3:40  SCV  
  36  3:41  Stimpack  
  36  3:48  SCV  
  37  3:51  Starport  
  37  3:52  SCV  
  37  3:54  Widow Mine, Marauder  
  42  4:00  SCV  
  42  4:01  Supply Depot  
  43  4:04  SCV  
  44  4:12  SCV  
  44  4:13  Marine  
  46  4:22  Marine x2  
  46  4:23  Supply Depot x2, SCV  
  51  4:32  Factory Reactor  
  51  4:34  Marine  
  51  4:35  SCV x2  
  51  4:37  Starport Reactor  
  52  4:40  Marine  
  53  4:46  Marine  
  53  4:47  Supply Depot, SCV  
  53  4:48  SCV  
  57  5:00  SCV x2  
  57  5:02  Marine x2  
  57  5:04  Command Center, Marauder  
  62  5:09  Supply Depot  
  62  5:12  SCV  
  63  5:15  Medivac x2  
  63  5:16  SCV  
  63  5:17  Barracks  
  63  5:18  Factory Tech Lab  
  63  5:20  Marine x2  
  70  5:24  SCV  
  71  5:28  SCV  
  71  5:30  Supply Depot  
  71  5:32  Supply Depot  
  74  5:36  SCV, Marauder  
  74  5:37  Marine  
  74  5:38  Marine  
  74  5:40  Widow Mine, SCV  
  80  5:47  Ghost Academy  
  80  5:48  SCV  
  81  5:53  SCV  
  81  5:55  Marine  
  82  5:57  Marauder  
  82  6:01  Marine  
  80  6:06  SCV x2  
  82  6:13  Marine  
  82  6:16  Barracks x2  
  82  6:18  Marauder, Orbital Command  
  85  6:19  Marine  
  86  6:32  SCV x2  
  96  6:36  Engineering Bay x2  
Tags
 
Add a new tag
Caveats
  • Supply blocks, unpowered buildings, or Contaminate may cause inaccurate times.
  • Supply counts are checked every 10 seconds.